 Dungeon Crawl Stone Soup version 0.28-a0-589-g333b8329f1 (webtiles) character file.

Game seed: 10615666100327309733

9 Heedrag the Chiller (level 2, 20/20 HPs)
             Began as a Demonspawn Ice Elementalist on Oct 3, 2021.
             Quit the game on level 1 of the Dungeon.
             The game lasted 00:00:34 (794 turns).

Heedrag the Chiller (Demonspawn Ice Elementalist)    Turns: 794, Time: 00:00:35

Health: 20/20      AC:  2    Str:  8    XL:     2   Next: 6%
Magic:  5/5        EV: 12    Int: 16    God:
Gold:   10         SH:  0    Dex: 13    Spells: 4/5 levels left

rFire   . . .      SeeInvis .   b - +1 spear (venom)
rCold   . . .      Faith    .   (no shield)
rNeg    . . .      Spirit   .   a - +0 robe
rPois   .          Reflect  .   (no helmet)
rElec   .          Harm     .   (no cloak)
rCorr   .          Rampage  .   (no gloves)
Will    .....                   (no boots)
Stlth   ++........              (no amulet)
HPRegen 0.06/turn               (no ring)
MPRegen 0.18/turn               (no ring)

@: no status effects
A: magic regeneration
a: no special abilities


You were on level 1 of the Dungeon.
You visited 1 branch of the dungeon, and saw 1 of its levels.

You collected 10 gold pieces.

Inventory:

Hand Weapons
 b - a +1 spear of venom (weapon)
   (You found it on level 1 of the Dungeon)
Armour
 a - a +0 robe (worn)
Scrolls
 c - 2 scrolls of identify {unknown}
 d - a scroll of teleportation {unknown}


   Skills:
 + Level 0.5 Fighting
 + Level 1.9 Dodging
 + Level 1.9 Stealth
 + Level 2.1 Spellcasting
 * Level 3.8 Ice Magic


You had 4 spell levels left.
You knew the following spells:

 Your Spells              Type           Power      Damage    Failure   Level
a - Freeze                Ice            52%        1d7       4%          1

Your spell library contained the following spells:

 Spells                   Type           Power      Damage    Failure   Level
 Frozen Ramparts          Ice            26%        1d4       13%         3
 Ozocubu's Armour         Ice            13%        N/A       13%         3
 Hailstorm                Conj/Ice       7%         3d4       67%         4


Dungeon Overview and Level Annotations

Branches:
Dungeon (1/15)

Altars:


Innate Abilities, Weirdness & Mutations

You regenerate magic rapidly.


Message History

A quokka is nearby!
You hit the quokka.
The quokka looks as sick as possible!
You kill the quokka!
No target in view!
No target in view!
Key pressed, stopping explore.
c - a scroll labelled VODITORUZEO A kobold comes into view.
It is wielding a +0 dagger.
A kobold is nearby!
A kobold is nearby!
A kobold is nearby!
The kobold shouts!
A hobgoblin comes into view.
You reach to attack!
You barely miss the kobold.
A frilled lizard comes into view.
You hit the kobold.
You kill the kobold!
Found a scroll labelled XOIDIT PEWAES.
You reach to attack!
You hit the hobgoblin.
The hobgoblin is poisoned.
You hit the hobgoblin. The hobgoblin hits you.
You hit the hobgoblin but do no damage.
The hobgoblin looks as sick as possible!
You kill the hobgoblin!
The frilled lizard barely misses you.
You hit the frilled lizard.
The frilled lizard is poisoned.
The frilled lizard bites you.
You hit the frilled lizard.
You kill the frilled lizard!
You have reached level 2!
Your demonic ancestry asserts itself...
Your magic begins to regenerate rapidly.
c - 2 scrolls labelled VODITORUZEO (gained 1)
d - a scroll labelled XOIDIT PEWAES You now have 10 gold pieces.
An endoplasm comes into view.
Found a stone staircase leading down.
An endoplasm is nearby!
An endoplasm is nearby!
An endoplasm is nearby!
You reach to attack!
The helpless endoplasm fails to defend itself.
You hit the endoplasm.
The endoplasm is poisoned.
You hit the endoplasm.
You kill the endoplasm!
No target in view!
No target in view!
No target in view!
A hobgoblin comes into view.
The hobgoblin shouts!
A hobgoblin is nearby!

#.# #.# ...# ...#
.# #.# .# ##.#
#.###.###
#.#####.#.....#
#......#.....##.
#.###.#....>.....
. #...#.....##
.g..######.....##
#.....@..........
#......##########
########


You could see a hobgoblin.

Vanquished Creatures
  A ball python (D:1)
  2 endoplasms (D:1)
  A hobgoblin (D:1)
  A quokka (D:1)
  A frilled lizard (D:1)
  2 kobolds (D:1)
  A rat (D:1)
9 creatures vanquished.

Notes
Turn   | Place    | Note
-------+----------+-------------------------------------------
     0 | D:1      | Heedrag the Demonspawn Ice Elementalist began the quest for
                  | the Orb.
     0 | D:1      | Reached XP level 1. HP: 13/13 MP: 3/3
   659 | D:1      | Gained mutation: You regenerate magic rapidly. [demonic
                  | ancestry]
   659 | D:1      | Reached XP level 2. HP: 16/20 MP: 5/5
   794 | D:1      | Quit the game

Illustrated notes

Levels and vault maps discovered:
D:1:      minmay_arrival_open_corners, layout_loops_ring

Action                   || total
-------------------------++-------
Melee: Spear             ||    24
 Cast: Freeze            ||     4
 Stab: Sleeping          ||     2
Dodge: Dodged            ||     8

Table legend: (Time is in decaauts)
 A = Elapsed time spent in this place.
 B = Non-inter-level travel time spent in this place.
 C = Inter-level travel time spent in this place.
 D = Time resting spent in this place.
 E = Time spent auto-exploring this place.
 F = Levels seen in this place.
 G = Mean time per level.
                   A        B        C        D        E       F      G
               +--------+--------+--------+--------+--------+-----+--------+
         Total |    795 |    766 |     29 |    219 |    482 |   1 |  795.0 |
       Dungeon |    795 |    766 |     29 |    219 |    482 |   1 |  795.0 |
               +--------+--------+--------+--------+--------+-----+--------+

Top non-repeatable levels by time:
     D:1: 795 daAuts
